 Dungeon Crawl Stone Soup version 0.22-a0-580-gd5db89c09a (webtiles) character file.

247 Lentor the Cudgeler (level 5, -2/48 HPs)
             Began as a Minotaur Berserker on July 2, 2018.
             Was a Believer of Trog.
             Slain by a gnoll
             ... wielding a +0 spear
              (4 damage)
             ... on level 3 of the Dungeon.
             The game lasted 00:02:47 (1913 turns).

Lentor the Cudgeler (Minotaur Berserker)            Turns: 1913, Time: 00:02:48

Health: -2/48      AC:  5    Str: 22    XL:     5   Next: 85%
Magic:  4/4        EV: 12    Int:  4    God:    Trog [**....]
Gold:   114        SH:  0    Dex: 10    Spells: 4/4 levels left

rFire    . . .     SeeInvis .   a - +0 mace
rCold    . . .     Gourm    .   (no shield)
rNeg     . . .     Faith    .   p - +0 ring mail
rPois    .         Spirit   .   (helmet restricted)
rElec    .         Reflect  .   (no cloak)
rCorr    .         Harm     .   (no gloves)
MR       .....                  (no boots)
Stlth    +.........             (no amulet)
HPRegen  0.16/turn              (no ring)
MPRegen  0.09/turn              (no ring)

@: no status effects
A: retaliatory headbutt, horns 2
a: Berserk, Trog's Hand, Renounce Religion


You were on level 3 of the Dungeon.
You worshipped Trog.
Trog was pleased with you.
You were not hungry.

You visited 1 branch of the dungeon, and saw 3 of its levels.

You collected 114 gold pieces.

Inventory:

Hand Weapons
 a - a +0 mace (weapon)
Armour
 p - a +0 ring mail (worn)
Jewellery
 e - a cursed ring of loudness {unknown}
 i - an uncursed ring of fire {unknown}
Scrolls
 d - 3 scrolls of amnesia {unknown}
 f - a scroll of enchant weapon {unknown}
 g - 4 scrolls of identify {unknown}
 j - a scroll of magic mapping {unknown}
 k - a scroll of immolation {unknown}
 l - a scroll of teleportation {unknown}
 o - a scroll of remove curse {unknown}
Potions
 h - a potion of cancellation {unknown}
 m - 3 potions of might {unknown}
 n - 2 potions of degeneration {unknown}


   Skills:
 + Level 5.1 Fighting
 + Level 6.1 Maces & Flails
 + Level 3.3 Armour
 + Level 3.1 Dodging
 + Level 0.4 Stealth


You had 4 spell levels left.
You didn't know any spells.
Your spell library was empty.

Dungeon Overview and Level Annotations

Branches:
Dungeon (2/15)

Altars:
Ashenzari


Innate Abilities, Weirdness & Mutations

You reflexively headbutt those who attack you in melee.
You have a pair of horns on your head.


Message History

You completely miss the hobgoblin. Your headbutt misses the hobgoblin.
The hobgoblin is moderately wounded.
The gnoll hits you from afar with a spear.
* * * LOW HITPOINT WARNING * * *
The hobgoblin hits you.
* * * LOW HITPOINT WARNING * * *
You closely miss the hobgoblin. Your headbutt misses the hobgoblin.
The hobgoblin is moderately wounded.
The gnoll hits you but does no damage. The hobgoblin misses you.
You hit the hobgoblin.
You kill the hobgoblin!
Trog accepts your kill.
The gnoll hits you from afar with a spear.
* * * LOW HITPOINT WARNING * * *
The gnoll hits you with a spear.
* * * LOW HITPOINT WARNING * * *
Things that are here:
a flail; a gnoll corpse You barely miss the gnoll.
The gnoll hits you with a spear.
You die...

### ..##############
#.#.......†.....
#.#.###########.
#.#.#......####.
#########.#.###.##.#....
.......)...........#.###
######@###.#.#....#.#
#g..#.#...##...#
....#.###.##.###
.....#.# ####.#
......#.. #.# ######.###
#[. .# ### .#


You could see a gnoll.

Vanquished Creatures
  Sigmund (D:2)
  3 gnolls (D:3)
  An adder (D:2)
  2 oozes
  2 worms (D:2)
  2 dart slugs (D:1)
  A leopard gecko (D:1)
  5 bats
  A giant cockroach (D:2)
  4 goblins
  3 hobgoblins
  4 jackals (D:3)
  A quokka (D:2)
  A kobold (D:2)
  5 rats
36 creatures vanquished.

Notes
Turn   | Place    | Note
-------+----------+-------------------------------------------
     0 | D:1      | Lentor the Minotaur Berserker began the quest for the Orb.
     0 | D:1      | Reached XP level 1. HP: 19/19 MP: 0/0
   198 | D:1      | Reached skill level 4 in Maces & Flails
   206 | D:1      | Reached XP level 2. HP: 27/27 MP: 1/1
   979 | D:2      | Reached XP level 3. HP: 31/33 MP: 2/2
  1155 | D:2      | Found a shattered altar of Ashenzari.
  1248 | D:2      | Reached ** piety under Trog
  1522 | D:2      | Noticed Sigmund
  1546 | D:2      | Killed Sigmund
  1546 | D:2      | Reached skill level 5 in Fighting
  1546 | D:2      | Reached skill level 5 in Maces & Flails
  1546 | D:2      | Reached XP level 4. HP: 6/42 MP: 3/3
  1546 | D:2      | Reached XP level 5. HP: 7/48 MP: 4/4
  1859 | D:2      | You fall through a shaft!
  1900 | D:3      | Reached skill level 6 in Maces & Flails
  1912 | D:3      | HP: 2/48 [gnoll/spear (5)]
  1913 | D:3      | Slain by a gnoll

Vault maps used:
D:1:      ncdulo_smallfort, minmay_unequal
D:2:      old_standard_altar, uniq_sigmund
D:3:      nicolae_overflow_hidden_temple, chequers_ecumenical_altar_simple,
          uniq_robin

Skill      XL: |  1  2  3  4  5 |
---------------+----------------+-----
Maces & Flails | 4 5 6 |  6.1
Fighting       | 4 5 |  5.1
Armour         | 3 |  3.3
Dodging        | 3 |  3.1
Stealth        | |  0.4

Action                   |  1- 3 |  4- 6 || total
-------------------------+-------+-------++-------
Melee: Mace              |    76 |    28 ||   104
       Headbutt          |    14 |     6 ||    20
Invok: Berserk           |     1 |       ||     1
  Eat: Chunk             |     2 |       ||     2
       Ration            |       |     1 ||     1
Armor: Animal skin       |     4 |       ||     4
       Ring mail         |     8 |     8 ||    16
Dodge: Dodged            |    48 |    21 ||    69

Table legend:
 A = Spawn XP
 B = Non-spawn XP
 C = Spawn XP percentage of total XP
 D = Spawn monster count
 E = Non-spawn monster count
 F = Spawn count percentage of total count
 G = Total turns spent on level
                    A         B        C        D         E        F      G
               +---------+---------+-------+---------+---------+-------+---------
         Total |       0 |     354 |   0.0 |       0 |      36 |   0.0 |  1913
               +---------+---------+-------+---------+---------+-------+---------
           D:1 |       0 |      35 |   0.0 |       0 |      15 |   0.0 |   963
           D:2 |       0 |     266 |   0.0 |       0 |      13 |   0.0 |   896
           D:3 |       0 |      53 |   0.0 |       0 |       8 |   0.0 |    54
               +---------+---------+-------+---------+---------+-------+---------
